 Dungeon Crawl Stone Soup version 0.27-a0-333-gfa571bf19a (webtiles) character file.

Game seed: 1361842898069745664

34962 EnegeticOcto the Martial Artist (level 13, 0/113 HPs)
             Began as a Demigod Wanderer on Feb 12, 2021.
             Splashed by an acid dragon's acid (13 damage)
             ... on level 5 of the Lair of Beasts.
             The game lasted 00:38:50 (21853 turns).

EnegeticOcto the Martial Artist (Demigod Wanderer) Turns: 21853, Time: 00:38:51

Health: 0/113      AC:  2    Str: 15    XL:     13   Next: 15%
Magic:  19/21      EV: 38    Int: 26    God:
Gold:   1277       SH:  0    Dex: 30    Spells: 5/18 levels left

rFire    . . .     SeeInvis .     - Unarmed
rCold    . . .     Faith    .   (shield currently unavailable)
rNeg     . . .     Spirit   .   (armour currently unavailable)
rPois    x         Reflect  .   (helmet currently unavailable)
rElec    .         Harm     .   (cloak currently unavailable)
rCorr    .         Rampage  .   (gloves currently unavailable)
Will     +....                  (boots currently unavailable)
Stlth    +++.......             x - amulet of magic regeneration
HPRegen  0.28/turn              u - +6 ring of intelligence
MPRegen  0.42/turn              T - ring of Ru's Reproof {Wiz Str+4}

@: spider-form
A: tiny, high mp 1
a: End Transformation


You were on level 5 of the Lair of Beasts.
You were a venomous arachnid creature.
You visited 2 branches of the dungeon, and saw 15 of its levels.
You also visited: Ossuary and Ice Cave.

You collected 1601 gold pieces.
You spent 324 gold pieces at shops.

Inventory:

Hand Weapons
 K - a +2 dagger of distortion
   (You took it off Sonja on level 3 of the Lair of Beasts)
Missiles
 c - 61 poisoned darts
 q - 9 curare-tipped darts (quivered)
 z - a throwing net {!f}
Armour
 a - a +0 troll leather armour (melded)
   (You found it on level 9 of the Dungeon)
 o - a +0 pair of gloves (melded)
   (You found it on level 1 of the Dungeon)
 I - a +2 cloak of poison resistance (melded)
   (You took it off Crazy Yiuf on level 5 of the Dungeon)
 R - a +1 pair of boots (melded)
   (You found it on level 4 of the Lair of Beasts)
Jewellery
 f - a ring of fire
   (You found it on level 10 of the Dungeon)
 l - a ring of ice
   (You found it on level 1 of the Dungeon)
 u - a +6 ring of intelligence (left front leg)
   (You found it on level 4 of the Dungeon)
 x - an amulet of magic regeneration (around neck)
   (You found it on level 4 of the Lair of Beasts)
 y - a ring of positive energy
   (You found it in an ossuary)
 C - a ring of fire
   (You found it on level 2 of the Lair of Beasts)
 T - the ring of Ru's Reproof (right front leg) {Wiz Str+4}
   (You found it on level 5 of the Lair of Beasts)

   [ring of wizardry]

   It improves your spell success rate.
   It affects your strength (+4).
Wands
 h - a wand of mindburst (2)
   (You took it off Ijyb on level 3 of the Dungeon)
 r - a wand of acid (1) {@v1}
   (You found it on level 1 of the Lair of Beasts)
 H - a wand of digging (15) {@v3}
   (You took it off Crazy Yiuf on level 5 of the Dungeon)
 P - a wand of iceblast (6) {@v2}
   (You found it on level 4 of the Lair of Beasts)
 Q - a wand of paralysis (8)
   (You found it on level 4 of the Lair of Beasts)
Scrolls
 g - 4 scrolls of identify {@r1}
 j - 2 scrolls of amnesia
 m - 15 scrolls of teleportation {@r3 !r}
 n - 4 scrolls of immolation
 t - 6 scrolls of blinking {@r4}
 w - a scroll of fear {!r}
 D - 4 scrolls of enchant weapon
 L - 2 scrolls of magic mapping {@r5 !r}
 M - a scroll of silence
 N - a scroll of summoning
 O - 2 scrolls of fog {!r}
 S - a scroll of enchant armour
Potions
 b - a potion of heal wounds {@q2}
 d - 5 potions of lignification {@q6}
 e - a potion of cancellation
 i - 6 potions of attraction
 k - a potion of resistance
 p - 2 potions of berserk rage
 s - 2 potions of ambrosia
 v - 4 potions of brilliance
 A - 3 potions of might {@q3 !q}
 B - 2 potions of heal wounds {@q2 !q}
 F - 4 potions of flight
 G - a potion of mutation
 J - 5 potions of curing {@q1 !q}
Miscellaneous
 E - a lightning rod (4/4)
   (You found it on level 2 of the Lair of Beasts)


   Skills:
 - Level 10.0 Fighting
 - Level 1.0 Short Blades
 - Level 9.6 Dodging
 - Level 1.7 Stealth
 - Level 12.0 Unarmed Combat
 * Level 3.3 Spellcasting
 - Level 1.0 Necromancy
 - Level 8.0 Transmutations
 - Level 4.0 Ice Magic
 + Level 4.2 Poison Magic
 - Level 5.0 Evocations


You had 5 spell levels left.
You knew the following spells:

 Your Spells              Type           Power        Failure   Level
a - Sting                 Tmut/Pois      100%         1%          1
b - Spider Form           Tmut/Pois      18%          3%          3
c - Ice Form              Ice/Tmut       35%          9%          4
d - Irradiate             Conj/Tmut      12%          34%         5

Your spell library contained the following spells:

 Spells                   Type           Power        Failure   Level
 Ignite Poison            Fire/Tmut/Pois 25%          6%          3
 Animate Skeleton         Necr           18%          7%          1
 Apportation              Tloc           8%           10%         1
 Corona                   Hex            4%           10%         1
 Summon Small Mammal      Summ           16%          10%         1
 Sublimation of Blood     Necr           4%           10%         2
 Slow                     Hex            4%           13%         2
 Petrify                  Tmut/Erth      25%          16%         4
 Alistair's Intoxication  Tmut/Pois      24%          17%         5
 Inner Flame              Hex/Fire       4%           22%         3
 Portal Projectile        Hex/Tloc       8%           22%         3
 Cause Fear               Hex            2%           52%         4
 Leda's Liquefaction      Hex/Erth       2%           52%         4
 Metabolic Englaciation   Hex/Ice        7%           58%         5
 Eringya's Noxious Bog    Tmut/Pois      18%          58%         6
 Simulacrum               Ice/Necr       8%           95%         6
 Freezing Cloud           Conj/Ice/Air   5%           98%         6
 Ozocubu's Refrigeration  Ice            12%          100%        7


Dungeon Overview and Level Annotations

Branches:
Dungeon (10/15)            Temple (0/1) D:5            Lair (5/6) D:10
  Swamp (0/4) Lair:2        Snake (0/4) Lair:2      Ossuary (visited)
  IceCv (visited)
  Slime: Lair:5-6       Orc: D:9-12

Shops:
D:5 =   D:7 (   D:8 ?   D:9 [

Annotations:
D:3 exclusion: skeleton
Lair:2 exclusion: 2 oklob plants


Innate Abilities, Weirdness & Mutations

You have an increased reservoir of magic. (+10% MP)


Message History

The water moccasin barely misses you.
There are monsters nearby!
There are monsters nearby!
You pummel the water moccasin!!
The water moccasin seems to slow down.
You freeze the water moccasin.
The water moccasin is almost dead.
The water moccasin closely misses you.
Casting: Ice Form (mildly dangerous; 3% risk of failure)
Confirm with . or Enter, or press ? or * to list all spells.
You warm up again.
Your +2 cloak of poison resistance unmelds from your body.
Your +0 pair of gloves unmelds from your body.
Your +1 pair of boots unmelds from your body.
Your +0 troll leather armour unmelds from your body.
You feel resistant to poison.
You turn into a venomous arachnid creature.
Your +2 cloak of poison resistance melds into your body.
Your +0 pair of gloves melds into your body.
Your +1 pair of boots melds into your body.
Your +0 troll leather armour melds into your body.
You no longer feel resistant to poison.
The water moccasin completely misses you.
You bite the water moccasin!
You kill the water moccasin!
The acid dragon spits acid at you. The splash of acid misses you.
You hear a croak.
The acid dragon spits acid at you. The splash of acid hits you!
You are splashed with acid!
You see here a water moccasin corpse.
You barely miss the acid dragon. You barely miss the acid dragon.
Your transformation is almost over.
The acid dragon completely misses you. x2
You hit the acid dragon but do no damage.
The acid dragon spits acid at you. The splash of acid misses you.
You hear a croak.
You hit the acid dragon.
The acid dragon is lightly wounded.
The acid dragon barely misses you. The acid dragon completely misses you.
You bite the acid dragon!
The acid dragon is severely wounded.
The acid dragon misses you. The acid dragon completely misses you.
You barely miss the acid dragon.
The acid dragon is severely wounded.
The acid dragon spits acid at you. The splash of acid hits you!
You are splashed with acid!
The acid dragon completely misses you. x2
You barely miss the acid dragon.
The acid dragon is severely wounded.
The acid dragon completely misses you. x2; The acid dragon misses you.
The acid dragon completely misses you.
You barely miss the acid dragon.
The acid dragon is severely wounded.
The acid dragon completely misses you. x4
You bite the acid dragon!
You kill the acid dragon!
The acid dragon completely misses you. The acid dragon barely misses you.
You barely miss the acid dragon. You bite the acid dragon!
The acid dragon is moderately wounded.
The acid dragon misses you. The acid dragon completely misses you.
You hit the acid dragon.
The acid dragon is poisoned.
The acid dragon is heavily wounded.
Your transformation has ended.
Your +2 cloak of poison resistance unmelds from your body.
Your +0 pair of gloves unmelds from your body.
Your +1 pair of boots unmelds from your body.
Your +0 troll leather armour unmelds from your body.
You feel resistant to poison. The acid dragon misses you.
The acid dragon claws you.
You closely miss the acid dragon.
The acid dragon is heavily wounded.
The acid dragon misses you. x2
You hit the acid dragon but do no damage.
The acid dragon is heavily wounded.
The acid dragon spits acid at you. The splash of acid hits you!
You are splashed with acid!
You hear an angry hiss.
Casting: Spider Form (safe; 1% risk of failure)
Confirm with . or Enter, or press ? or * to list all spells.
You turn into a venomous arachnid creature.
Your +2 cloak of poison resistance melds into your body.
Your +0 pair of gloves melds into your body.
Your +1 pair of boots melds into your body.
Your +0 troll leather armour melds into your body.
You no longer feel resistant to poison.
The steam dragon misses you. The steam dragon completely misses you.
The acid dragon completely misses you. x2
You hit the acid dragon but do no damage.
The acid dragon is heavily wounded.
The steam dragon breathes steam at you. The ball of steam hits you!
* * * LOW HITPOINT WARNING * * *
You hear an angry hiss.
The acid dragon spits acid at you. The splash of acid hits you!
* * * LOW HITPOINT WARNING * * *
You are splashed with acid!
You die...

.# # .####.## ######
#.#....#
##.#.######.##..####
##.....##..§.....#P## #
#.....#.....§.......##.#
.....##......§......P...
.....##.......§.s.......
...............§##...###
...............DD.....♣
.........#.†...#.†#..♣.♣
..........(.........♣...
................P.#.♣ ..
#...........P.....#.♣ ♣
##.................P≈
.#.......(........ ≈


You could see an acid dragon (very poisoned, catching breath).

Vanquished Creatures
  A boulder beetle (Lair:1)
  4 hydras (Lair:2)
  2 death yaks (Lair:3)
  Urug (D:10)
  Sonja (Lair:3)
  A lindwurm (Lair:5)
  A necromancer (IceCv)
  Joseph (D:7)
  2 black mambas
  3 ice statues (IceCv)
  A gargoyle (D:10)
  A torpor snail (Lair:3)
  7 cane toads
  12 komodo dragons
  3 rime drakes
  6 ice devils (IceCv)
  3 polar bears (Lair:3)
  A troll (D:9)
  24 blink frogs
  A hornet (D:7)
  Sigmund (D:2)
  33 yaks
  A steam dragon (Lair:4)
  2 basilisks (Lair:1)
  Menkaure (D:5)
  An acid dragon (Lair:5)
  15 water moccasins
  4 sky beasts
  4 ice beasts
  3 black bears
  2 orc warriors (D:10)
  A hornet zombie (D:10)
  2 necrophages
  3 phantoms
  2 centaurs (D:9)
  4 ogres
  A kobold brigand (D:9)
  14 bullfrogs
  11 scorpions
  2 water moccasin skeletons
  An electric eel (Lair:4)
  7 howler monkeys
  An orc priest (D:7)
  A quasit (D:9)
  3 human zombies (Ossuary)
  3 hounds
  2 jellies
  A bullfrog skeleton (D:4)
  A gnoll shaman (D:6)
  Crazy Yiuf (D:5)
  2 centaur skeletons
  3 iguanas
  Ijyb (D:3)
  9 worker ants
  7 orc wizards
  5 troll simulacra (IceCv)
  A killer bee zombie (D:7)
  2 centaur simulacra (IceCv)
  3 mummies (Ossuary)
  A worker ant zombie (D:9)
  9 gnolls
  2 ogre simulacra (IceCv)
  20 adders
  A naga simulacrum (IceCv)
  7 scorpion zombies (Ossuary)
  3 shadow imps
  3 white imps
  2 ufetubi
  An ooze (D:2)
  3 adder skeletons
  5 worms
  2 dart slugs
  4 leopard geckos
  31 orcs
  7 giant cockroaches
  2 gnoll zombies (Ossuary)
  6 goblins
  3 hobgoblins
  11 jackals
  10 kobolds
  4 quokkas
  2 ball pythons
  8 bats
  7 frilled lizards
  A giant cockroach zombie (D:5)
  A goblin zombie (Ossuary)
  A hobgoblin zombie (Ossuary)
  A jackal zombie (D:6)
  3 kobold zombies (Ossuary)
  A leopard gecko skeleton (D:4)
  2 leopard gecko zombies (D:6)
  An orc zombie (Ossuary)
  A quokka skeleton (D:9)
  4 rats
407 creatures vanquished.

Vanquished Creatures (others)
  A hobgoblin zombie (Ossuary)
  23 fungi
  39 plants
63 creatures vanquished.

Grand Total: 470 creatures vanquished

Notes
Turn   | Place    | Note
-------+----------+-------------------------------------------
     0 | D:1      | EnegeticOcto the Demigod Wanderer began the quest for the
                  | Orb.
     0 | D:1      | EnegeticOcto set off with the following items: a +2 dagger,
                  | a potion of heal wounds {@q2}, a potion of lignification, a
                  | +0 robe; and the following spell memorised: Sting; and the
                  | following spells available to memorise: Spider Form
     0 | D:1      | Reached XP level 1. HP: 16/16 MP: 6/6
   136 | D:1      | Reached skill level 1 in Poison Magic
   250 | D:1      | Reached XP level 2. HP: 22/23 MP: 6/8
   406 | D:1      | Reached skill level 2 in Poison Magic
   680 | D:1      | You fall into a shaft and drop 1 floor!
   702 | D:2      | Reached XP level 3. HP: 27/28 MP: 7/9
   810 | D:2      | Learned a level 3 spell: Spider Form
   824 | D:2      | Noticed Sigmund
  1062 | D:1      | Reached skill level 3 in Poison Magic
  1400 | D:2      | Killed Sigmund
  1401 | D:2      | Reached skill level 3 in Transmutations
  1401 | D:2      | Reached skill level 2 in Unarmed Combat
  1401 | D:2      | Reached XP level 4. HP: 30/35 MP: 10/10
  1401 | D:2      | Reached XP level 5. HP: 35/40 MP: 11/11
  1607 | D:2      | Found an opulent altar of Gozag.
  1992 | D:3      | Reached XP level 6. HP: 21/47 MP: 10/13
  2173 | D:3      | Found a hazy altar of Hepliaklqana.
  2179 | D:3      | Found a glowing golden altar of the Shining One.
  2237 | D:3      | Noticed Ijyb
  2243 | D:3      | Killed Ijyb
  3097 | D:4      | You fall into a shaft and drop 2 floors!
  3097 | D:6      | Found a sand-covered staircase.
  3109 | Ossuary  | Entered an ossuary
  3131 | Ossuary  | Reached skill level 4 in Transmutations
  3131 | Ossuary  | Reached skill level 4 in Poison Magic
  3704 | Ossuary  | Reached skill level 3 in Unarmed Combat
  3935 | Ossuary  | Reached skill level 1 in Dodging
  4220 | Ossuary  | Reached skill level 2 in Fighting
  4220 | Ossuary  | Reached XP level 7. HP: 55/55 MP: 10/14
  4539 | Ossuary  | Reached skill level 2 in Dodging
  4704 | Ossuary  | Identified a scroll of acquirement
  4975 | D:6      | Reached skill level 3 in Fighting
  4975 | D:6      | Reached skill level 4 in Unarmed Combat
  5169 | D:6      | Found an ornate altar of the Wu Jian Council.
  5169 | D:6      | Found a white marble altar of Elyvilon.
  5191 | D:5      | Entered Level 5 of the Dungeon
  5201 | D:5      | Found a shimmering blue altar of Sif Muna.
  5206 | D:5      | Found Vurhe's Jewellery Emporium.
  5435 | D:5      | Found a sacrificial altar of Ru.
  5520 | D:5      | Reached skill level 3 in Dodging
  5540 | D:5      | Found a staircase to the Ecumenical Temple.
  5622 | D:5      | Found a blossoming altar of Fedhas.
  5696 | D:4      | Reached XP level 8. HP: 63/63 MP: 11/15
  5772 | D:4      | Reached skill level 5 in Unarmed Combat
  5860 | D:4      | Reached skill level 4 in Dodging
  5874 | D:4      | Got a garnet-encrusted scale mail
  5898 | D:4      | Identified the +1 scale mail "Nesomapy" {Rampage rC+} (You
                  | found it on level 4 of the Dungeon)
  6297 | D:4      | Acquired 537 gold pieces
  6485 | D:5      | Found a runed translucent door.
  6486 | D:5      | Noticed Crazy Yiuf
  6751 | D:5      | Noticed Menkaure
  6754 | D:5      | Killed Menkaure
  6755 | D:5      | Reached skill level 4 in Fighting
  7048 | D:5      | Killed Crazy Yiuf
  7337 | D:6      | Reached skill level 6 in Unarmed Combat
  8211 | D:6      | Reached skill level 5 in Fighting
  8648 | D:6      | Found a burning altar of Makhleb.
  8648 | D:6      | Noticed a green death
  8651 | D:6      | Noticed a hellwing
  8651 | D:6      | Noticed an orange demon
  8757 | D:7      | Noticed Joseph
  8779 | D:7      | Killed Joseph
  8780 | D:7      | Reached skill level 7 in Unarmed Combat
  8780 | D:7      | Reached XP level 9. HP: 37/74 MP: 14/16
  9236 | D:7      | Reached skill level 8 in Unarmed Combat
  9305 | D:7      | Reached skill level 5 in Dodging
  9631 | D:7      | Found Kezured's Weapon Shoppe.
 10119 | D:8      | Reached skill level 6 in Dodging
 11109 | D:8      | Found Wauzun Lar's Magic Scroll Emporium.
 11115 | D:8      | Bought a scroll of summoning for 114 gold pieces
 11115 | D:8      | Bought a scroll of fog for 24 gold pieces
 11115 | D:8      | Bought a scroll of fog for 24 gold pieces
 11119 | D:8      | Bought a scroll of identify for 24 gold pieces
 11119 | D:8      | Bought a scroll of identify for 24 gold pieces
 11119 | D:8      | Bought a scroll of identify for 24 gold pieces
 11119 | D:8      | Bought a scroll of enchant armour for 90 gold pieces
 11177 | D:9      | Found Wareqa's Armour Emporium.
 11511 | D:9      | Found a sparkling altar of Nemelex Xobeh.
 11579 | D:9      | Reached skill level 5 in Transmutations
 11579 | D:9      | Reached XP level 10. HP: 79/83 MP: 15/17
 11593 | D:9      | Reached skill level 6 in Fighting
 12054 | D:9      | Reached skill level 9 in Unarmed Combat
 12560 | D:9      | Reached skill level 6 in Transmutations
 12697 | D:9      | Found an ancient bone altar of Kikubaaqudgha.
 12697 | D:9      | Found a hide-covered altar of Uskayaw.
 12816 | D:10     | Entered Level 10 of the Dungeon
 13040 | D:10     | Noticed Urug
 13055 | D:10     | Killed Urug
 13056 | D:10     | Reached skill level 7 in Fighting
 13204 | D:10     | Found a staircase to the Lair.
 13930 | Lair:1   | Entered Level 1 of the Lair of Beasts
 13965 | Lair:1   | Reached skill level 7 in Dodging
 13976 | Lair:1   | Reached XP level 11. HP: 77/93 MP: 16/18
 14079 | Lair:1   | Reached skill level 10 in Unarmed Combat
 14249 | Lair:1   | Reached skill level 8 in Fighting
 14273 | Lair:1   | Found a transporter.
 14275 | Lair:1   | Found a transporter.
 14276 | Lair:1   | Noticed a boulder beetle
 14689 | Lair:1   | Reached skill level 8 in Dodging
 14981 | Lair:2   | Noticed a five-headed hydra
 15030 | Lair:1   | Killed a boulder beetle
 15031 | Lair:1   | Reached skill level 11 in Unarmed Combat
 15127 | Lair:2   | Found a staircase to the Swamp.
 15127 | Lair:2   | Noticed an eight-headed hydra
 15482 | Lair:2   | Learned a level 4 spell: Ice Form
 15508 | Lair:2   | Reached skill level 1 in Ice Magic
 15702 | Lair:2   | Reached skill level 2 in Ice Magic
 15770 | Lair:2   | Noticed a five-headed hydra
 15906 | Lair:2   | Reached skill level 3 in Ice Magic
 15926 | Lair:2   | Noticed an eight-headed hydra
 15988 | Lair:2   | Killed an eight-headed hydra
 16184 | Lair:2   | Found a staircase to the Snake Pit.
 16243 | Lair:2   | Reached skill level 4 in Ice Magic
 16350 | Lair:2   | Killed an eight-headed hydra
 16592 | Lair:2   | Killed a five-headed hydra
 16593 | Lair:2   | Reached skill level 7 in Transmutations
 16753 | Lair:2   | Killed a five-headed hydra
 16754 | Lair:2   | Reached XP level 12. HP: 76/101 MP: 7/19
 17150 | Lair:3   | Reached skill level 8 in Transmutations
 17150 | Lair:3   | Reached skill level 2 in Evocations
 17267 | Lair:3   | Found a broken altar of Ashenzari.
 17316 | Lair:3   | Reached skill level 3 in Evocations
 17354 | Lair:3   | Found a frozen archway.
 17403 | IceCv    | Entered an ice cave
 17427 | IceCv    | Reached skill level 4 in Evocations
 17741 | IceCv    | Reached skill level 5 in Evocations
 19060 | Lair:3   | Noticed Sonja
 19061 | Lair:3   | Killed Sonja
 19062 | Lair:3   | Reached skill level 12 in Unarmed Combat
 19330 | Lair:3   | Reached skill level 9 in Fighting
 20199 | Lair:4   | Reached skill level 10 in Fighting
 21080 | Lair:4   | Reached skill level 9 in Dodging
 21080 | Lair:4   | Reached XP level 13. HP: 87/113 MP: 20/20
 21743 | Lair:5   | Learned a level 5 spell: Irradiate
 21784 | Lair:5   | Got a coiled copper ring
 21790 | Lair:5   | Identified the ring of Ru's Reproof {Wiz Str+4} (You found
                  | it on level 5 of the Lair of Beasts)
 21817 | Lair:5   | Reached skill level 3 in Spellcasting
 21853 | Lair:5   | Splashed by an acid dragon's acid

Illustrated notes

Levels and vault maps discovered:
D:1:      grunt_arrival_crossed_arrows, layout_rooms
D:2:      layout_rooms, grunt_gozag_breadcrumbs, chequers_serial_rivers_room_b,
          uniq_sigmund
D:3:      layout_loops_ring, overflow_temple_1_default, lemuel_crystal_altar,
          uniq_ijyb
D:4:      layout_gridville
D:5:      layout_loops_corners, general_overflow_altar,
          nicolae_overflow_crystal_walls, minmay_temple_entry_wispy,
          serial_shops, shop_fountains, fedhas_altar_1, uniq_menkaure,
          uniq_crazy_yiuf_cottage
D:6:      layout_basic, makhleb_altar_promises_db,
          chequers_temple_overflow_statue_of_worship, enter_ossuary_3
D:7:      layout_rooms, serial_shops, nicolae_shop_stone, uniq_joseph
D:8:      layout_basic, serial_shops,
          nicolae_shop_temple_entry_statues_fountains
D:9:      layout_rooms, nemelex_xobeh_ov_fountains_minmay,
          amethyst_overflow_temple_binary, serial_shops, shop,
          hangedman_glass_teeth
D:10:     layout_roguey, grunt_lair_entry_orc_guard_hut, uniq_urug
Lair:1:   gammafunk_boulding_lane, layout_regular_city
Lair:2:   layout_chaotic_city, minmay_swamp_entry_reptiles,
          minmay_snake_entry_six_corridors, infiniplex_staircase_pool_2,
          minmay_lair_oklob_chamber
Lair:3:   layout_cave_pods, basic_altar, portal_ice_cave_entry_pillars_1,
          st_stairs_13, chequers_serial_rivers_micro_a,
          infiniplex_staircase_pool, grunt_megastairs_1, uniq_sonja
Lair:4:   layout_cellular_growth, nicolae_quartered_pool_super,
          lemuel_fruit_fields
Lair:5:   layout_misc_corridors, slime_altar_1, basic_altar,
          guppyfry_lair_drakes

Skill      XL: |  1  2  3  4  5  6  7  8  9 10 11 12 13 |
---------------+----------------------------------------+-----
Poison Magic   | 1 2 3 4 |  4.2
Transmutations | 3 4 5 6 7 8 |  8.0
Unarmed Combat | 2 3 4 7 8 9 11 12 | 12.0
Dodging        | 1 3 4 6 7 8 9 |  9.6
Fighting       | 2 3 5 7 8 10 | 10.0
Ice Magic      | 4 |  4.0
Evocations     | 5 |  5.0
Spellcasting   | 3 |  3.3
Short Blades   | |  1.0
Stealth        | |  1.7
Necromancy     | |  1.0

Action                   |  1- 3 |  4- 6 |  7- 9 | 10-12 | 13-15 || total
-------------------------+-------+-------+-------+-------+-------++-------
Melee: Dagger            |    23 |    34 |    11 |       |       ||    68
       Unarmed           |       |   117 |   396 |   841 |    72 ||  1426
       Punch             |       |       |       |     3 |       ||     3
Throw: Dart              |    11 |     1 |     1 |     1 |       ||    14
 Cast: Sting             |    59 |    66 |    20 |       |       ||   145
       Spider Form       |       |     8 |    63 |    72 |     6 ||   149
       Ice Form          |       |       |       |    23 |     3 ||    26
 Abil: End Transformatio |       |       |       |     9 |     3 ||    12
Evoke: Wand              |       |       |     5 |     8 |       ||    13
  Use: Scroll            |       |     3 |    21 |     6 |     1 ||    31
       Potion            |       |       |       |     1 |       ||     1
 Stab: Sleeping          |       |     1 |    14 |     8 |     2 ||    25
Armor: Robe              |    10 |    12 |     5 |       |       ||    27
       Skin              |       |     4 |    12 |    31 |     3 ||    50
       Troll leather arm |       |       |       |     3 |       ||     3
Dodge: Dodged            |    26 |    85 |   351 |   672 |    82 ||  1216

Table legend: (Time is in decaauts)
 A = Elapsed time spent in this place.
 B = Non-inter-level travel time spent in this place.
 C = Inter-level travel time spent in this place.
 D = Time resting spent in this place.
 E = Time spent auto-exploring this place.
 F = Levels seen in this place.
 G = Mean time per level.
                   A        B        C        D        E       F      G
               +--------+--------+--------+--------+--------+-----+--------+
         Total |  21634 |  20924 |    710 |   2657 |  13785 |  17 | 1272.6 |
       Dungeon |  12009 |  11487 |    522 |    751 |   8621 |  10 | 1200.9 |
          Lair |   6638 |   6450 |    188 |    515 |   4465 |   5 | 1327.6 |
       Ossuary |   1823 |   1823 |      0 |    940 |    342 |   1 | 1823.0 |
      Ice Cave |   1163 |   1163 |      0 |    451 |    357 |   1 | 1163.0 |
               +--------+--------+--------+--------+--------+-----+--------+

Top non-repeatable levels by time:
  Lair:2: 1841 daAuts
 Ossuary: 1823 daAuts
     D:6: 1685 daAuts
  Lair:3: 1662 daAuts
  Lair:4: 1647 daAuts
     D:8: 1605 daAuts
     D:5: 1460 daAuts
     D:9: 1328 daAuts
  Lair:1: 1313 daAuts
   IceCv: 1163 daAuts
    D:10: 1088 daAuts
     D:7: 1080 daAuts
     D:3: 1016 daAuts
     D:2: 992 daAuts
     D:1: 964 daAuts
